 Dungeon Crawl Stone Soup version 0.30-a0-381-g6ea064c7b4 (webtiles) character file.

Game seed: 17019066782458984709

32 qeuew the Digger (level 3, -2/20 HPs)
             Began as a Gargoyle Earth Elementalist on Dec 2, 2022.
             Slain by Sigmund
             ... wielding a +0 scythe
              (10 damage)
             ... on level 2 of the Dungeon.
             The game lasted 00:02:59 (1218 turns).

qeuew the Digger (Gargoyle Earth Elementalist)      Turns: 1218, Time: 00:03:00

Health: -2/20      AC:  6    Str: 13    XL:     3   Next: 27%
Magic:  0/6        EV: 11    Int: 15    God:
Gold:   68         SH:  0    Dex: 10    Spells: 5/6 levels left

rFire   . . .      SeeInvis .    g - +0 club (elec)
rCold   . . .      Faith    .    (no shield)
rNeg    + . .      Spirit   .    c - +0 leather armour
rPois   ∞          Reflect  .    (no helmet)
rElec   +          Harm     .    (no cloak)
rCorr   .          Rampage  .    (no gloves)
Will    .....                    (no boots)
Stlth   ++........               (no amulet)
HPRegen 0.23/turn                (no ring)
MPRegen 0.10/turn                (no ring)

@: no status effects
A: sickness immunity, AC +3, negative energy resistance 1, electricity
resistance, torment resistance 1, petrification resistance
a: no special abilities


You were on level 2 of the Dungeon.
You visited 1 branch of the dungeon, and saw 2 of its levels.

You collected 68 gold pieces.

Inventory:

Hand Weapons
 g - a +0 club of electrocution (weapon)
Armour
 c - a +0 leather armour (worn)
Scrolls
 a - a scroll of teleportation
Potions
 e - 3 potions of curing


   Skills:
 + Level 0.9 Fighting
 * Level 0.5 Maces & Flails
 + Level 0.7 Armour
 + Level 1.8 Dodging
 - Level 2.1 Stealth
 * Level 2.3 Spellcasting
 + Level 1.0 Transmutations
 * Level 4.0 Earth Magic


You had 5 spell levels left.
You knew the following spells:

 Your Spells              Type           Power      Damage    Failure   Level
a - Sandblast             Erth           26%        2d8       5%          1

Your spell library contained the following spells:

 Spells                   Type           Power      Damage    Failure   Level
 Passwall                 Tmut/Erth      7%         N/A       14%         2
 Slow                     Hex            4%         N/A       28%         1
 Stone Arrow              Conj/Erth      14%        3d7       34%         3
 Blink                    Tloc           2%         N/A       38%         2
 Momentum Strike          Conj/Tloc      2%         3d8       38%         2
 Confusing Touch          Hex            1%         N/A       63%         3
 Lesser Beckoning         Tloc           2%         N/A       63%         3
 Vampiric Draining        Necr           1%         2d6       63%         3
 Petrify                  Tmut/Erth      9%         N/A       67%         4
 Malign Gateway           Summ/Tloc      0%         N/A       100%        7
 Summon Horrible Things   Summ           0%         N/A       100%        8


Dungeon Overview and Level Annotations

Branches:
Dungeon (2/15)

Altars:

Shops:
D:2 =

Annotations:
D:2 Sigmund


Innate Abilities, Weirdness & Mutations

You are immune to sickness and miasma.
Your stone body is resilient. (AC +3)
You are immune to poison.
You resist negative energy. (rN+)
You are resistant to electric shocks. (rElec)
You are resistant to unholy torment.
You are immune to petrification.


Message History

Sigmund gestures at you while chanting. You resist with significant effort.
Sigmund gestures at you while chanting. The puff of flame hits you.
You feel less confused.
The blast of sand misses Sigmund.
Sigmund hits you from afar with a +0 scythe.
The blast of sand hits Sigmund!
Sigmund is moderately wounded.
Sigmund points at you and mumbles some strange words.
The magic dart hits you.
Sigmund hits you from afar with a +0 scythe.
You are too injured to fight recklessly!
You are too injured to fight recklessly!
Aiming: Sandblast (safe; 5% risk of failure)
Press: ? - help, Q - select action Shift-Dir - straight line, f/p - Sigmund
Aim: Sigmund, wielding a +0 scythe and wearing a +0 robe (moderately wounded, 80% to hit)
The blast of sand hits Sigmund.
Sigmund is heavily wounded.
Sigmund barely misses you.
Aiming: Sandblast (safe; 5% risk of failure)
Press: ? - help, Q - select action Shift-Dir - straight line, f/p - Sigmund
Aim: Sigmund, wielding a +0 scythe and wearing a +0 robe (heavily wounded, 80% to hit)
The blast of sand misses Sigmund.
Sigmund barely misses you.
Aiming: Sandblast (safe; 5% risk of failure)
Press: ? - help, Q - select action Shift-Dir - straight line, f/p - Sigmund
Aim: Sigmund, wielding a +0 scythe and wearing a +0 robe (heavily wounded, 80% to hit)
The blast of sand hits Sigmund.
Sigmund is heavily wounded.
Sigmund points at you and mumbles some strange words.
The magic dart hits you.
Aiming: Sandblast (safe; 5% risk of failure)
Press: ? - help, Q - select action Shift-Dir - straight line, f/p - Sigmund
Aim: Sigmund, wielding a +0 scythe and wearing a +0 robe (heavily wounded, 80% to hit)
The blast of sand hits Sigmund.
Sigmund is heavily wounded.
Sigmund hits you from afar with a +0 scythe!
Ouch! That really hurt!
You die...

......... #.........
........###††.?......
....>.....#.†.........
.......................
........†..#.............
......$.....#............#
#.8....................>.#
#..#....................##
8.∩.8...@.@..............#
..<#.....................#
. #.....†........[......#
#.......................#
###.......#.#...........#
...###...#.#.#........##
###. ..........#......##
.. ..#.##†....#....##
....###.........#


You could see Sigmund.

Vanquished Creatures
  A dart slug (D:2)
  3 bats (D:2)
  3 endoplasms
  2 giant cockroaches (D:2)
  A goblin (D:1)
  A hobgoblin (D:1)
  3 jackals (D:2)
  A kobold (D:1)
  3 quokkas
  3 ball pythons
  4 frilled lizards (D:1)
  3 rats
28 creatures vanquished.

Notes
Turn   | Place    | Note
-------+----------+-------------------------------------------
     0 | D:1      | qeuew the Gargoyle Earth Elementalist began the quest for
                  | the Orb.
     0 | D:1      | Reached XP level 1. HP: 10/10 MP: 3/3
    68 | D:1      | You fall into a shaft and drop 1 floor!
   385 | D:1      | Reached XP level 2. HP: 15/15 MP: 3/5
   575 | D:1      | Found a faded altar of an unknown god.
  1087 | D:2      | Reached skill level 1 in Transmutations
  1121 | D:2      | Found Plog's Jewellery Shop.
  1127 | D:2      | Reached skill level 4 in Earth Magic
  1127 | D:2      | Reached XP level 3. HP: 15/20 MP: 0/6
  1162 | D:2      | Noticed Sigmund
  1218 | D:2      | Slain by Sigmund

Illustrated notes

Levels and vault maps discovered:
D:1:      mrwooster_arrival_statue_2, layout_basic,
          hellmonk_ecumenical_altar_inner_sanctum
D:2:      layout_rooms, serial_shops, nicolae_shop_statue_plus, minmay_tripent,
          uniq_crazy_yiuf_cottage, uniq_jessica, uniq_sigmund

Skill      XL: |  1  2 |
---------------+-------+-----
Transmutations | 1 |  1.0
Earth Magic    | 4 |  4.0
Fighting       | |  0.9
Maces & Flails | |  0.5
Armour         | |  0.7
Dodging        | |  1.8
Stealth        | |  2.1
Spellcasting   | |  2.3

Action                   || total
-------------------------++-------
Melee: Club              ||     8
 Cast: Sandblast         ||    41
  Use: Scroll            ||     3
       Potion            ||     2
Armor: Leather armour    ||    21
Dodge: Dodged            ||    28

Table legend: (Time is in decaauts)
 A = Elapsed time spent in this place.
 B = Non-inter-level travel time spent in this place.
 C = Inter-level travel time spent in this place.
 D = Time resting spent in this place.
 E = Time spent auto-exploring this place.
 F = Levels seen in this place.
 G = Mean time per level.
                   A        B        C        D        E       F      G
               +--------+--------+--------+--------+--------+-----+--------+
         Total |   1239 |   1209 |     30 |      0 |   1022 |   2 |  619.5 |
       Dungeon |   1239 |   1209 |     30 |      0 |   1022 |   2 |  619.5 |
               +--------+--------+--------+--------+--------+-----+--------+

Top non-repeatable levels by time:
     D:1: 1046 daAuts
     D:2: 193 daAuts
